 Dungeon Crawl Stone Soup version 0.29.0 (webtiles) character file.

Game seed: 2565741203637684384

124 GigaChad the Covered (level 4, 0/41 HPs)
             Began as a Minotaur Fighter on Aug 24, 2022.
             Slain by an orc
             ... wielding a +0 hand axe
              (1 damage)
             ... on level 5 of the Dungeon.
             The game lasted 00:06:29 (1993 turns).

GigaChad the Covered (Minotaur Fighter)             Turns: 1993, Time: 00:06:29

Health: 0/41       AC:  7    Str: 23    XL:     4   Next: 81%
Magic:  3/3        EV: 10    Int:  5    God:
Gold:   186        SH:  5    Dex: 15    Spells: 3/3 levels left

rFire   . . .      SeeInvis .   a - +2 long sword
rCold   . . .      Faith    .   c - +0 buckler
rNeg    + . .      Spirit   .   b - +0 scale mail
rPois   .          Reflect  .   (helmet restricted)
rElec   .          Harm     .   (no cloak)
rCorr   .          Rampage  .   (no gloves)
Will    .....                   (no boots)
Stlth   ..........              (no amulet)
HPRegen 0.13/turn               e - +6 ring of dexterity
MPRegen 0.08/turn               h - ring of positive energy

@: no status effects
A: horns 2, retaliatory headbutt
a: no special abilities


You were on level 5 of the Dungeon.
You visited 1 branch of the dungeon, and saw 5 of its levels.

You collected 186 gold pieces.

Inventory:

Hand Weapons
 a - a +2 long sword (weapon)
 r - a +0 battleaxe
Armour
 b - a +0 scale mail (worn)
 c - a +0 buckler (worn)
Magical Staves
 n - a staff of poison
Jewellery
 e - a +6 ring of dexterity (left hand)
 h - a ring of positive energy (right hand)
Wands
 f - a wand of paralysis (6) (quivered)
Scrolls
 o - 2 scrolls of identify
 q - a scroll of summoning {unknown}
Potions
 d - 2 potions of might
 g - a potion of invisibility {unknown}
 i - a potion of attraction
 j - 2 potions of curing
 k - 3 potions of ambrosia {unknown}
 l - a potion of brilliance {unknown}
 m - 3 potions of haste {unknown}
 p - 2 potions of cancellation {unknown}


   Skills:
 + Level 4.3 Fighting
 + Level 3.5 Long Blades
 + Level 4.8 Armour
 + Level 1.7 Dodging
 + Level 4.0 Shields


You had 3 spell levels left.
You didn't know any spells.
Your spell library contained the following spells:

 Spells                   Type           Power      Damage    Failure   Level
 Apportation              Tloc           0%         N/A       86%         1
 Necrotise                Necr           0%         1d4       86%         1
 Summon Small Mammal      Summ           0%         N/A       86%         1
 Gell's Gravitas          Tloc           0%         N/A       99%         3
 Lesser Beckoning         Tloc           0%         N/A       99%         3
 Teleport Other           Tloc           0%         N/A       99%         3


Dungeon Overview and Level Annotations

Branches:
Dungeon (6/15)
 Temple: D:4-7

Altars:
Makhleb
Trog

Annotations:
D:5 Edmund


Innate Abilities, Weirdness & Mutations

You have a pair of horns on your head.
You reflexively headbutt those who attack you in melee.


Message History

j - 2 potions of curing (gained 1)
You now have 186 gold pieces (gained 9).
Found a battleaxe.
There is a stone staircase leading up here.
You see here a +0 battleaxe.
r - a +0 battleaxe
There is a stone staircase leading up here.
There is a stone staircase leading up here.
You climb upwards.
Edmund shouts!
The jelly quivers.
The orc shouts!
The white imp shouts, "Decamp, thou skyhacking mumble-news pigeon-egg!"
Found a sling.
There is a stone staircase leading down here.
The white imp gestures at you. The puff of frost hits you.
An orc comes into view. It is wielding a +0 dagger.
You block Edmund's attack.
You closely miss Edmund.
The orc shouts!
You headbutt Edmund, but do no damage.
Edmund hits you with a +4 flail of protection.
You slash Edmund! You headbutt Edmund, but do no damage.
Edmund is lightly wounded.
Edmund hits you with a +4 flail of protection!
You block the white imp's attack.
You hit Edmund but do no damage.
Edmund is lightly wounded.
Edmund hits you with a +4 flail of protection.
The white imp hits you. The white imp freezes you.
You hit Edmund.
Edmund is moderately wounded.
Edmund closely misses you. The jelly hits you but does no damage.
The white imp hits you. The white imp freezes you.
* * * LOW HITPOINT WARNING * * *
Edmund hits you with a +4 flail of protection!
* * * LOW HITPOINT WARNING * * *
The white imp closely misses you. The orc hits you with a +0 hand axe.
You die...

# .# # # .#
#.#.#####.#
#...).....#.#
#....o@@5...#
....o.oJ#####
......#.#
....#.#.# ...
# #.# .. ...
. ..# #.# ...


You could see Edmund, a jelly, a white imp and 3 orcs.

Vanquished Creatures
  4 adders (D:2)
  3 worms (D:2)
  3 dart slugs
  9 ball pythons
  5 endoplasms
  16 giant cockroaches
  2 goblins
  3 hobgoblins
  4 quokkas
  6 bats
  3 frilled lizards
  6 kobolds
  4 rats
68 creatures vanquished.

Notes
Turn   | Place    | Note
-------+----------+-------------------------------------------
     0 | D:1      | GigaChad the Minotaur Fighter began the quest for the Orb.
     0 | D:1      | Reached XP level 1. HP: 19/19 MP: 0/0
    78 | D:1      | Reached XP level 2. HP: 18/27 MP: 1/1
   874 | D:2      | Reached XP level 3. HP: 33/33 MP: 2/2
   875 | D:2      | Found a faded altar of an unknown god.
   878 | D:2      | Reached skill level 1 in Dodging
  1024 | D:2      | Reached XP level 4. HP: 38/40 MP: 3/3
  1937 | D:3      | Found a bloodstained altar of Trog.
  1937 | D:3      | Found a burning altar of Makhleb.
  1944 | D:3      | You fall into a shaft and drop 3 floors!
  1988 | D:5      | Entered Level 5 of the Dungeon
  1988 | D:5      | Noticed Edmund
  1993 | D:5      | HP: 1/41 [Edmund/+4 flail of protection (9)]
  1993 | D:5      | Slain by an orc

Illustrated notes

Levels and vault maps discovered:
D:1:      lightli_arrival_flooded_house, layout_loops_ring,
          wander_ebering_terrifying_dragon_lair
D:2:      minmay_roachtagon, layout_rooms, nicolae_ecumenical_oubliette
D:3:      layout_loops_ring, chequers_temple_overflow_minitemple
D:5:      layout_basic, uniq_prince_ribbit1, uniq_grinder, uniq_edmund
D:6:      layout_rooms, mainiacjoe_overflow_six_doors_small, minmay_manual_mares

Skill      XL: |  1  2  3  4 |
---------------+-------------+-----
Armour         | 4 |  4.8
Fighting       | 4 |  4.3
Dodging        | 1 |  1.7
Long Blades    | 3 |  3.5
Shields        | 4 |  4.0

Action                   |  1- 3 |  4- 6 || total
-------------------------+-------+-------++-------
Melee: Long sword        |    50 |    59 ||   109
       Headbutt          |     8 |    11 ||    19
  Use: Scroll            |     4 |     6 ||    10
Armor: Scale mail        |    37 |    24 ||    61
Dodge: Dodged            |    38 |    42 ||    80
Block: Buckler           |     9 |    12 ||    21
